 Dungeon Crawl Stone Soup version 0.23.2-40-g277498a001 (webtiles) character file.

Game seed: 9139819522810653955

49 MalarOregon the Grasshopper (level 3, -1/30 HPs)
             Began as a Draconian Warper on Sept 18, 2019.
             Slain by a rat (2 damage)
             ... on level 2 of the Dungeon.
             The game lasted 00:01:54 (1096 turns).

MalarOregon the Grasshopper (Draconian Warper)      Turns: 1096, Time: 00:01:55

Health: -1/30      AC:  5    Str: 12 (13) XL:     3   Next: 51%
Magic:  3/6        EV: 12    Int: 18 (19) God:
Gold:   59         SH:  0    Dex:  7 (10) Spells: 2/6 levels left

rFire    + . .     SeeInvis .   a - +0 falchion
rCold    + . .     Gourm    .   (no shield)
rNeg     . . .     Faith    .   (armour unavailable)
rPois    +         Spirit   .   l - +0 hat
rElec    +         Reflect  .   (no cloak)
rCorr    +         Harm     .   (no gloves)
MR       .....                  (no boots)
Stlth    +.........             (no amulet)
HPRegen  0.10/turn              (no ring)
MPRegen  0.10/turn              (no ring)

@: brilliant, lethally poisoned (-1 -> -9), resistant, very slightly
contaminated, invisible
A: unfitting armour, cold-blooded, AC +5
a: no special abilities


You were on level 2 of the Dungeon.
You were not hungry.

You visited 1 branch of the dungeon, and saw 2 of its levels.

You collected 59 gold pieces.

Inventory:

Hand Weapons
 a - a +0 falchion (weapon)
 k - a +2 dagger of venom
   (You found it on level 1 of the Dungeon)
Missiles
 d - 5 tomahawks of dispersal (quivered) {!f}
Armour
 l - a +0 hat (worn)
   (You found it on level 1 of the Dungeon)
Scrolls
 c - a scroll of blinking
 g - a scroll of remove curse {unknown}
 i - a scroll of identify {unknown}
 m - a scroll of magic mapping {unknown}
 q - a scroll of enchant weapon {unknown}
Comestibles
 b - 4 chunks of flesh
 e - 4 rations {!d}


   Skills:
 + Level 2.7 Fighting
 + Level 2.4 Long Blades
 + Level 1.5 Throwing
 + Level 2.5 Dodging
 + Level 2.3 Spellcasting
 - Level 3.0 Translocations


You had 2 spell levels left.
You knew the following spells:

 Your Spells              Type           Power        Failure   Level  Hunger
b - Blink                 Tloc           N/A          1%          2    ##.....
q - Shroud of Golubria    Chrm/Tloc      ###.......   1%          2    ##.....

Your spell library contained the following spells:

 Spells                   Type           Power        Failure   Level  Hunger
 Gell's Gravitas          Tloc           ###.......   1%          3    ###....
 Lesser Beckoning         Tloc           ###.......   1%          3    ###....
 Teleport Other           Tloc           ###.....     1%          3    ###....
 Passage of Golubria      Tloc           N/A          6%          4    #####..


Dungeon Overview and Level Annotations

Branches:
Dungeon (2/15)

Altars:

Annotations:
D:2 Terence


Innate Abilities, Weirdness & Mutations

Your plain brown scales are hard. (AC +5)
You cannot fit into any form of body armour.
You are cold-blooded and may be slowed by cold attacks.


Message History

* * * LOW HITPOINT WARNING * * *
The rat misses you.
You riposte.
You hit the rat. You barely miss the adder. The hobgoblin barely misses you.
The adder bites you.
* * * LOW HITPOINT WARNING * * *
You are lethally poisoned!
The adder poisons you! The rat bites you but does no damage.
It was a potion of degeneration.
There was something very wrong with that liquid.
You feel weakened.
You feel dopey.
You feel clumsy.
* * * LOW HITPOINT WARNING * * *
You feel sick. The adder bites you.
* * * LOW HITPOINT WARNING * * *
You are more poisoned.
The adder poisons you! The hobgoblin barely misses you.
You riposte.
You closely miss the hobgoblin. You tail-slap the hobgoblin.
The rat closely misses you. The adder completely misses you.
Unknown command.
It was a potion of lignification.
You turn into a tree.
Your +0 hat melds into your body.
Your roots penetrate the ground.
* * * LOW HITPOINT WARNING * * *
You feel sick.
The hobgoblin hits you but does no damage.
The rat bites you but does no damage. The adder bites you but does no damage.
It was a potion of cancellation.
Your magical effects are unravelling.
You feel magically purged.
Your magical contamination has completely faded away.
You feel less wooden.
Your +0 hat unmelds from your body.
* * * LOW HITPOINT WARNING * * *
You feel sick. The adder bites you but does no damage.
The hobgoblin closely misses you. The rat misses you.
You riposte.
You barely miss the rat.
It was a potion of resistance.
You feel protected.
* * * LOW HITPOINT WARNING * * *
You feel sick. The adder bites you but does no damage. The rat misses you.
The hobgoblin misses you. The adder barely misses you.
It was a potion of invisibility.
You fade into invisibility!
* * * LOW HITPOINT WARNING * * *
You feel sick. The rat closely misses you. The hobgoblin closely misses you.
The adder misses you.
You riposte.
You closely miss the adder.
Your tail-slap misses the adder.
You are very lightly contaminated with residual magic.
It was a potion of brilliance.
You feel clever all of a sudden. The adder barely misses you.
The rat bites you.
You die...

.......÷..#..........#
............#.........
...#........#..÷.##... .
#........#....##...
.........÷...........
##+######........#...
##.##.#.#.......#....
#.##..S##.#.......#.#...
......g@.........#.##...
......r.........#.## (.
...............#.##
..............#.##
.#..#.#..#...#.##
###...######.#.. .#.#
#.## .... #@


You could see an adder, a hobgoblin and a rat.

Vanquished Creatures
  An adder (D:2)
  2 worms (D:2)
  2 dart slugs (D:1)
  3 bats (D:1)
  3 giant cockroaches
  3 hobgoblins (D:1)
  4 kobolds (D:1)
  A quokka (D:2)
  4 frilled lizards
  A goblin (D:2)
  8 rats
32 creatures vanquished.

Notes
Turn   | Place    | Note
-------+----------+-------------------------------------------
     0 | D:1      | MalarOregon the Draconian Warper began the quest for the
                  | Orb.
     0 | D:1      | Reached XP level 1. HP: 17/17 MP: 3/3
    54 | D:1      | Reached skill level 1 in Throwing
   200 | D:1      | Reached XP level 2. HP: 25/25 MP: 5/5
   601 | D:1      | Learned a level 2 spell: Blink
   604 | D:1      | Learned a level 2 spell: Shroud of Golubria
   836 | D:2      | Reached XP level 3. HP: 30/30 MP: 3/6
  1078 | D:2      | Noticed Terence
  1095 | D:2      | HP: 1/30 [poisoned by an adder]
  1096 | D:2      | Slain by a rat

Skill      XL: |  1 |
---------------+----+-----
Throwing       | 1 |  1.5
Fighting       | |  2.7
Long Blades    | |  2.4
Dodging        | |  2.5
Spellcasting   | |  2.3
Translocations | |  3.0

Action                   || total
-------------------------++-------
Melee: Falchion          ||   108
       Tailslap          ||    11
 Cast: Shroud of Golubri ||     5
  Use: Potion            ||     6
 Stab: Sleeping          ||     1
  Eat: Chunk             ||     1
Armor: Skin              ||    40
Dodge: Dodged            ||    97
       Rpst.: Falchion   ||    32
